Map: Neon Violet Square LE

Players

markus

  • Race: Protoss Protoss
  • League: Diamond
  • Spawn Location: 5:00

Adapt - Winner!

  • Race: Zerg Zerg
  • League: Diamond
  • Spawn Location: 11:00

VOD

Have the link to the VOD?

Description

tripple threat

Time

  • Played on: Feb. 14, 2018, 6:28 p.m.
  • Length: 13:54
Show
View Real Time Build Order
Export as new Build Order

markus Protoss 

Build Orders: 1 Gate Expand, Zealot Archon, Dark Templar Rush 

Get SALT Encoding   

  12  0:03  Probe  
  13  0:15  Probe  
  14  0:23  Pylon  
  14  0:27  Probe  
  15  0:41  Probe (Chrono Boost)  
  16  0:45  Gateway  
  16  0:49  Assimilator  
  16  0:53  Probe (Chrono Boost)  
  17  1:02  Probe (Chrono Boost)  
  18  1:08  Probe  
  19  1:20  Probe  
  20  1:32  Nexus  
  20  1:42  Cybernetics Core  
  20  1:47  Assimilator  
  20  1:53  Pylon  
  20  1:56  Probe  
  21  2:08  Probe  
  21  2:11  Zealot  
  24  2:20  Shield Battery  
  24  2:22  Pylon  
  24  2:25  Probe  
  25  2:37  Probe  
  25  2:46  Probe, Twilight Council  
  25  2:50  Probe, Warp Gate (Chrono Boost)  
  27  2:56  Adept  
  29  3:01  Probe  
  30  3:06  Probe  
  31  3:19  Probe, Robotics Facility  
  32  3:22  Probe  
  33  3:33  Probe, Dark Shrine  
  34  3:36  Probe  
  34  3:41  Assimilator  
  35  3:45  Probe  
  36  3:49  Probe  
  36  3:52  Pylon  
  37  3:57  Probe  
  37  4:00  Gateway  
  38  4:15  Gateway  
  38  4:17  Gateway  
  36  4:18  Probe  
  36  4:20  Warp Prism  
  39  4:31  Gateway  
  39  4:34  Probe  
  39  4:36  Pylon  
  39  4:38  Probe  
  41  4:46  Probe  
  42  4:54  Probe  
  42  4:59  Pylon  
  43  5:01  Observer  
  43  5:06  Probe  
  45  5:15  Probe  
  46  5:21  Dark Templar  
  46  5:22  Dark Templar x3  
  46  5:23  Probe  
  46  5:27  Dark Templar  
  46  5:28  Dark Templar x3  
  55  5:29  Probe  
  55  5:31  Assimilator  
  56  5:36  Archon x2  
  56  5:40  Stalker  
  58  5:43  Pylon  
  58  5:47  Shield Battery  
  58  5:57  Pylon  
  58  6:02  Stargate  
  59  6:04  Observer  
  59  6:13  Stalker x3  
  65  6:22  Shield Battery  
  65  6:24  Stalker  
  65  6:25  Stalker  
  69  6:27  Blink  
  69  6:28  Probe  
  70  6:35  Probe  
  70  6:38  Gateway  
  71  6:41  Shield Battery  
  71  6:43  Probe  
  72  6:47  Probe  
  72  6:48  Sentry x3  
  72  6:52  Forge  
  77  7:04  Phoenix  
  77  7:07  Probe  
  80  7:14  Probe, Shield Battery  
  81  7:16  Shield Battery  
  81  7:18  Zealot x3  
  87  7:26  Photon Cannon  
  87  7:31  Phoenix  
  87  7:35  Protoss Ground Weapons Level 1 (Chrono Boost)  
  89  7:37  Probe  
  90  7:47  Probe, Photon Cannon  
  91  7:52  Photon Cannon  
  91  7:56  Photon Cannon  
  91  8:10  Probe  
  92  8:15  Probe  
  93  8:28  Pylon  
  93  8:30  Pylon  
  93  8:31  Probe  
  93  8:33  Charge  
  94  8:38  Observer  
  94  8:49  Pylon  
  94  8:50  Dark Templar x3  
  94  8:51  Dark Templar  
  94  8:53  Dark Templar x2  
  106  8:57  Archon x2  
  106  8:58  Archon  
  106  9:06  Probe  
  106  9:07  Probe  
  108  9:18  Probe  
  108  9:19  Nexus  
  109  9:35  Dark Templar x3  
  109  9:36  Dark Templar  
  116  9:41  Archon x2  
  86  10:01  Zealot x2  
  86  10:03  Probe  
  91  10:09  Observer, Robotics Bay  
  90  10:22  Stalker x4  
  90  10:23  Stalker  
  90  10:27  Pylon, Probe  
  101  10:28  Pylon  
  101  10:32  Phoenix  
  103  10:38  Templar Archives  
  103  10:49  Probe  
  104  10:51  Shield Battery  
  104  10:52  Shield Battery  
  104  10:54  Assimilator  
  104  10:56  Zealot x5  
  114  10:57  Zealot  
  114  11:00  Assimilator  
  114  11:01  Probe (Chrono Boost)  
  114  11:02  Probe (Chrono Boost)  
  119  11:07  Probe (Chrono Boost), Protoss Ground Weapons Level 2  
  119  11:11  Probe x2 (Chrono Boost)  
  121  11:15  Probe (Chrono Boost)  
  121  11:17  Pylon  
  122  11:20  Observer  
  122  11:25  Probe  
  123  11:27  Dark Templar  
  123  11:28  Dark Templar  
  123  11:46  Void Ray (Chrono Boost)  
  119  11:54  Stalker x3  
  121  12:09  Probe  
  113  12:17  Probe  
  113  12:21  Probe  
  115  12:29  Probe  
  114  12:33  Probe  
  114  12:37  Pylon, Nexus  
  115  12:38  Disruptor  
  115  12:41  Probe  
  119  12:45  Probe  
  119  12:47  Pylon  
  120  12:53  Probe, Gateway  
  120  12:55  Gateway  
  120  12:57  Gateway  
  107  13:14  Probe  
  107  13:16  Disruptor  
  81  13:27  Dark Templar x2  
Show
View Real Time Build Order
Export as new Build Order

Adapt Zerg - Winner!

Build Orders: Hatch First, Lurkers, Muta Ling Bane 

Get SALT Encoding   

  12  0:00  Drone  
  13  0:13  Overlord  
  13  0:18  Drone  
  14  0:32  Drone x2  
  14  0:35  Drone  
  17  0:54  Hatchery  
  16  0:58  Drone  
  16  1:00  Drone  
  16  1:03  Extractor  
  17  1:18  Spawning Pool  
  16  1:21  Drone  
  16  1:24  Drone  
  18  1:28  Drone  
  19  1:40  Drone  
  20  1:52  Overlord  
  20  2:06  Metabolic Boost  
  20  2:07  Queen  
  22  2:10  Queen  
  22  2:13  Zergling x2  
  25  2:17  Zergling x2  
  25  2:20  Zergling x2  
  27  2:24  Drone  
  27  2:27  Drone  
  27  2:29  Drone  
  30  2:34  Drone  
  31  2:51  Lair  
  31  2:53  Drone x3, Extractor  
  31  2:55  Drone  
  34  3:01  Overlord  
  34  3:09  Drone  
  34  3:11  Overlord  
  35  3:21  Drone  
  35  3:24  Queen  
  35  3:25  Drone x2  
  40  3:28  Drone  
  40  3:30  Drone  
  42  3:46  Drone x2  
  44  3:53  Spire  
  44  3:55  Drone  
  44  3:56  Drone x2  
  44  3:57  Baneling Nest  
  44  3:59  Overlord  
  45  4:08  Drone x4  
  49  4:10  Drone  
  49  4:16  Drone  
  52  4:17  Drone  
  52  4:26  Extractor  
  52  4:28  Extractor  
  52  4:29  Drone  
  51  4:33  Drone  
  51  4:34  Drone x2  
  54  4:40  Hatchery  
  53  4:46  Drone  
  53  4:51  Overlord x2  
  54  4:53  Centrifical Hooks  
  54  5:03  Overlord x2  
  54  5:06  Mutalisk  
  54  5:07  Mutalisk x2  
  54  5:12  Mutalisk  
  62  5:22  Drone x3  
  62  5:23  Zerg Flyer Weapons Level 1  
  62  5:28  Mutalisk, Extractor x2  
  64  5:35  Zergling x10  
  70  5:38  Spore Crawler  
  70  5:40  Spore Crawler  
  68  5:52  Mutalisk x2  
  72  6:00  Zergling x14  
  77  6:14  Queen  
  77  6:15  Drone x3  
  77  6:16  Drone x3  
  77  6:17  Drone  
  86  6:19  Mutalisk  
  86  6:25  Mutalisk x2  
  88  6:32  Baneling x7  
  92  6:38  Drone x2  
  94  6:52  Zergling x2  
  94  6:53  Zergling x6  
  93  7:01  Hatchery  
  89  7:09  Hydralisk Den  
  89  7:12  Drone x9  
  89  7:13  Overlord  
  97  7:31  Overlord x4  
  97  7:45  Evolution Chamber, Drone x2  
  97  7:47  Drone  
  97  7:48  Evolution Chamber, Drone x4  
  102  8:01  Grooved Spines  
  102  8:02  Lurker Den  
  101  8:08  Pneumatized Carapace  
  101  8:28  Extractor  
  101  8:29  Extractor  
  101  8:31  Hydralisk x9  
  101  8:32  Hydralisk x3  
  123  8:35  Zerg Missile Weapons Level 1  
  123  8:36  Nydus Network  
  123  8:37  Zerg Ground Armor Level 1  
  123  8:38  Overseer  
  122  8:42  Overseer  
  122  8:50  Hydralisk  
  122  8:51  Hydralisk x4  
  122  8:53  Drone x2  
  122  8:55  Drone  
  135  8:56  Drone  
  135  8:57  Drone  
  135  8:59  Overseer  
  135  9:02  Overseer  
  137  9:19  Infestation Pit  
  105  9:55  Hydralisk  
  105  9:56  Hydralisk x15  
  129  10:03  Overlord x5  
  129  10:20  Lurker  
  131  10:21  Lurker x5  
  131  10:25  Muscular Augments  
  131  10:26  Hydralisk x6  
  147  10:44  Lurker x3  
  147  10:46  Hydralisk  
  147  10:48  Zergling x2  
  147  10:49  Zergling x10  
  158  11:01  Nydus Canal  
  158  11:11  Hydralisk x4  
  158  11:15  Nydus Canal  
  166  11:44  Nydus Canal  
  163  11:54  Hydralisk  
  163  11:55  Hydralisk x2  
  163  11:57  Overlord  
  163  11:58  Overlord x5  
  163  12:30  Hydralisk  
  163  12:31  Hydralisk x8  
  163  12:35  Lurker x6  
  187  12:39  Nydus Canal  
  187  12:42  Hydralisk x2  
Tags
 
Add a new tag
Caveats
  • Supply blocks, unpowered buildings, or Contaminate may cause inaccurate times.
  • Supply counts are checked every 10 seconds.